 Dungeon Crawl Stone Soup version 0.22-a0-402-ga933591 (webtiles) character file.

53897 wazuzu the Warrior (level 14, -23/243 HPs)
             Began as an Ogre Monk on May 6, 2018.
             Was an Elder of the Shining One.
             Annihilated by junkhipster's ghost (27 damage)
             ... on level 6 of the Lair of Beasts.
             The game lasted 00:51:45 (18216 turns).

wazuzu the Warrior (Ogre Monk)                     Turns: 18216, Time: 00:51:46

Health: -23/243    AC: 27    Str: 22    XL:     14   Next: 70%
Magic:  2/21       EV:  1    Int: 11    God:    the Shining One [****..]
Gold:   1200       SH:  0    Dex: 11    Spells: 13/13 levels left

rFire    . . .     SeeInvis .   v - +4 morningstar (freeze)
rCold    . . .     Gourm    .   (no shield)
rNeg     + + +     Faith    .   (armour currently unavailable)
rPois    +         Spirit   .   (helmet currently unavailable)
rElec    .         Reflect  .   (cloak currently unavailable)
rCorr    .         Harm     .   (gloves unavailable)
MR       +....     NoTele   +   (boots unavailable)
Stlth    +.........             y - amulet of regeneration
HPRegen  0.90/turn              o - +5 ring of evasion
MPRegen  0.17/turn              (no ring)

@: tree-form, glowing
A: large, unfitting armour
a: Divine Shield, Cleansing Flame, Renounce Religion


You were on level 6 of the Lair of Beasts.
You worshipped the Shining One.
The Shining One was greatly pleased with you.
You were very hungry.
You were a tree.
You visited 2 branches of the dungeon, and saw 16 of its levels.
You also visited: Labyrinth, Sewer, Ossuary and Bailey.

You collected 1200 gold pieces.

Inventory:

Hand Weapons
 v - a +4 morningstar of freezing (weapon)
Missiles
 w - 3 throwing nets (quivered)
Armour
 g - the +2 robe of the Nightingale (melded) {rF+ Int+4}
   (You took it off an orc on level 8 of the Dungeon)

   It affects your intelligence (+4).
   It protects you from fire.
Jewellery
 o - a +5 ring of evasion (left branch)
 y - an amulet of regeneration (around neck)
 D - an uncursed ring of positive energy {unknown}
Wands
 i - a wand of enslavement (6)
 l - a wand of flame (87)
 s - a wand of paralysis (20)
 u - a wand of digging (20)
 B - a wand of polymorph (13)
 C - a wand of iceblast (31)
Scrolls
 b - 3 scrolls of fog
 h - 7 scrolls of teleportation
 j - 4 scrolls of remove curse
 k - 4 scrolls of blinking
 m - a scroll of magic mapping
 n - 4 scrolls of identify
 p - 2 scrolls of enchant weapon
 q - a scroll of fear
 r - 2 scrolls of amnesia
 x - 2 scrolls of enchant armour
 H - 2 scrolls of summoning
Potions
 a - 15 potions of curing
 e - a potion of brilliance
 f - 2 potions of flight
 t - a potion of degeneration {unknown}
 z - 8 potions of magic
 A - 3 potions of mutation
 E - 2 potions of haste
 G - a potion of lignification
 J - 2 potions of resistance
Miscellaneous
 d - a phantom mirror
Comestibles
 c - 28 rations
 F - 2 chunks of flesh


   Skills:
 - Level 16.0 Fighting
 + Level 15.5 Maces & Flails
 - Level 4.0 Armour
 - Level 6.0 Dodging
 - Level 1.4 Stealth
 - Level 10.2 Invocations


You had 13 spell levels left.
You didn't know any spells.

Dungeon Overview and Level Annotations

Branches:
Dungeon (10/15)            Temple (0/1) D:5            Lair (6/6) D:8
  Swamp (0/4) Lair:4       Spider (0/4) Lair:2        Slime (0/5) Lair:5
    Orc (0/2) D:9

Altars:
Elyvilon
Hepliaklqana
Nemelex Xobeh
Qazlal
Ru
Xom
Yredelemnul
Zin
The Shining One
Jiyva

Shops:
D:6 %

Annotations:
Lair:6 exclusion: upstairs, junkhipster's ghost, journeyman GrFi


Innate Abilities, Weirdness & Mutations

You are too large for most types of armour.
((You have tough skin. (AC +1)))


Message History

The black mamba bites you but does no damage.
The water moccasin bites you.
* * * LOW HITPOINT WARNING * * *
Junkhipster's ghost hits you but does no damage.
A water moccasin comes into view.
You barely miss Kirke.
Kirke is almost dead.
The water moccasin hisses angrily.
The black mamba bites you but does no damage.
The spiny frog stings you but does no damage.
Kirke mumbles some strange words.
Kirke summons some harpies!
The water moccasin moves out of view.
A polar bear comes into view.
The polar bear growls angrily.
You impale Kirke!! You freeze Kirke.
You kill Kirke!
The harpy disappears in a puff of smoke! x3
The black mamba bites you but does no damage.
Junkhipster's ghost hits you!!
You die...

#.... . ##...#
.##. #. . ...#
#... .##. .
#... ##....
.#... . ......
#..... .
⌠.....###......
.
h.............t
#
..⌠.(SWSS§[....
.
.....†S♣F†..h..
.
⌠...#.Y.S......
. .
...#§........ #
#.. #F§.......
. ...
.#...P.... . .!
..##....... .
.. P...[.. #..
.......


You could see a catoblepas, 2 polar bears, 3 black mambas, 2 spiny frogs, 2
water moccasins, a crocodile and junkhipster's ghost.

Vanquished Creatures
  Kirke (Lair:6)
  2 entropy weavers (Lair:5)
  A minotaur (Lab)
  2 hydras (Lair:4)
  2 two-headed ogres
  A queen ant (Lair:5)
  An unseen horror (D:10)
  A wolf spider (Lair:2)
  7 elephants
  A black mamba (Lair:5)
  2 guardian serpents (D:10)
  9 spiny frogs
  4 komodo dragons
  4 rime drakes
  A troll (D:9)
  2 polar bears
  18 blink frogs
  4 dream sheep
  5 hippogriffs
  2 redbacks (Lab)
  3 wyverns
  A human (D:7)
  A vampire (D:9)
  8 hogs
  29 yaks
  Eustachio (D:6)
  A hungry ghost (D:7)
  A basilisk (Lair:5)
  14 soldier ants (Lair:5)
  12 water moccasins
  A swamp worm (Lair:4)
  4 porcupines
  2 phantoms
  An eye of draining (D:10)
  10 sky beasts
  2 black bears
  2 ice beasts
  5 ogres
  2 orc warriors
  A necrophage (D:10)
  4 wolves (Lair:4)
  4 centaurs
  8 crocodiles
  9 bullfrogs
  2 big kobolds
  2 water moccasin zombies (Ossuary)
  2 scorpions
  2 howler monkeys
  8 wights (D:8)
  2 electric eels (Lair:4)
  2 crimson imps
  A jelly (D:10)
  4 hounds
  A centaur skeleton (D:3)
  3 orc priests
  2 iguanas
  31 worker ants
  6 orc wizards
  3 big kobold zombies (Ossuary)
  3 hound zombies
  2 mummies (Ossuary)
  2 worker ant zombies
  A howler monkey skeleton (D:5)
  15 adders
  17 gnolls
  6 shadow imps
  An ooze (D:2)
  An adder skeleton (D:7)
  5 adder zombies
  5 worms
  4 dart slugs
  7 leopard geckos
  25 orcs
  2 ball pythons
  4 bats
  11 giant cockroaches
  17 hobgoblins
  10 jackals
  25 kobolds
  6 quokkas
  13 frilled lizards
  A gnoll zombie (Ossuary)
  15 goblins
  8 hobgoblin zombies (Ossuary)
  A jackal skeleton (D:8)
  5 kobold zombies (Ossuary)
  7 orc zombies (Ossuary)
  14 rats
  A fungus (Lair:6)
501 creatures vanquished.

Vanquished Creatures (collateral kills)
  A spiny frog (Lair:4)
  2 elephants (Lair:4)
  A steam dragon (Lair:4)
4 creatures vanquished.

Vanquished Creatures (others)
  12 fungi
  5 plants
17 creatures vanquished.

Grand Total: 522 creatures vanquished

Notes
Turn   | Place    | Note
-------+----------+-------------------------------------------
     0 | D:1      | wazuzu the Ogre Monk began the quest for the Orb.
     0 | D:1      | Reached XP level 1. HP: 24/24 MP: 1/1
   182 | D:1      | Reached XP level 2. HP: 31/32 MP: 2/2
   758 | D:1      | Reached XP level 3. HP: 37/39 MP: 3/3
  1326 | D:2      | Reached XP level 4. HP: 25/49 MP: 4/4
  1594 | D:2      | Reached skill level 5 in Fighting
  1793 | D:2      | Found a basalt altar of Yredelemnul.
  1793 | D:2      | Found a hazy altar of Hepliaklqana.
  1798 | D:2      | Found a glowing silver altar of Zin.
  1800 | D:2      | Found a white marble altar of Elyvilon.
  1801 | D:2      | Found a sacrificial altar of Ru.
  2178 | D:3      | Reached XP level 5. HP: 57/57 MP: 5/5
  2773 | D:4      | Reached skill level 6 in Fighting
  2828 | D:4      | Found a sand-covered staircase.
  2837 | Ossuary  | Entered an ossuary
  2860 | Ossuary  | Reached XP level 6. HP: 46/68 MP: 6/6
  3131 | Ossuary  | Reached skill level 5 in Maces & Flails
  3614 | Ossuary  | Reached skill level 7 in Fighting
  4005 | D:4      | Reached XP level 7. HP: 78/78 MP: 7/7
  4130 | D:4      | Found a glowing golden altar of the Shining One.
  4163 | D:4      | Became a worshipper of the Shining One
  4163 | D:4      | Reached * piety under the Shining One
  4163 | D:4      | Reached ** piety under the Shining One
  4439 | D:4      | Reached skill level 8 in Fighting
  4484 | D:4      | Reached skill level 1 in Invocations
  4725 | D:5      | Entered Level 5 of the Dungeon
  4747 | D:5      | Found a glowing drain.
  4762 | Sewer    | Entered a sewer
  4993 | Sewer    | Reached XP level 8. HP: 58/88 MP: 9/9
  5696 | D:5      | Found a sparkling altar of Nemelex Xobeh.
  5992 | D:5      | Found a staircase to the Ecumenical Temple.
  6541 | D:6      | Found a stormy altar of Qazlal.
  6554 | D:6      | Reached skill level 1 in Armour
  6603 | D:6      | Reached skill level 5 in Invocations
  6712 | D:6      | Reached XP level 9. HP: 92/96 MP: 12/12
  6857 | D:6      | Found Wudwust's Food Boutique.
  6865 | D:6      | Noticed Eustachio
  6871 | D:6      | Killed Eustachio
  6871 | D:6      | Reached *** piety under the Shining One
  7476 | D:7      | Reached skill level 5 in Dodging
  7738 | D:7      | Reached XP level 10. HP: 104/104 MP: 14/14
  7891 | D:8      | Found a shimmering altar of Xom.
  8416 | D:8      | Reached **** piety under the Shining One
  8465 | D:8      | Noticed a two-headed ogre
  8480 | D:8      | Killed a two-headed ogre
  8480 | D:8      | Reached skill level 10 in Maces & Flails
  8717 | D:8      | Got a smoking robe
  8724 | D:8      | Identified the +2 robe of the Nightingale {rF+ Int+4} (You took it off an orc on level 8 of the Dungeon)
  8771 | D:8      | Found a staircase to the Lair.
  8988 | D:9      | Found a staircase to the Orcish Mines.
  9352 | D:9      | Found a flagged portal.
  9363 | Bailey   | Entered a bailey
  9411 | Bailey   | Reached skill level 9 in Fighting
  9963 | D:9      | Reached XP level 11. HP: 115/115 MP: 15/15
 10169 | D:10     | Entered Level 10 of the Dungeon
 10204 | D:10     | Noticed a two-headed ogre
 10212 | D:10     | Killed a two-headed ogre
 10212 | D:10     | Reached skill level 10 in Fighting
 10217 | D:10     | Reached ***** piety under the Shining One
 10925 | D:10     | Noticed an unseen horror
 10930 | D:10     | Killed an unseen horror
 11067 | Lair:1   | Entered Level 1 of the Lair of Beasts
 11102 | Lair:1   | Reached skill level 11 in Fighting
 11622 | Lair:1   | Reached skill level 12 in Fighting
 12304 | Lair:2   | Reached XP level 12. HP: 133/133 MP: 16/16
 12362 | Lair:2   | Found a hole to the Spider Nest.
 12374 | Lair:2   | Reached skill level 13 in Fighting
 13489 | Lair:2   | Reached skill level 14 in Fighting
 14065 | Lair:4   | Found a labyrinth entrance.
 14091 | Lab      | Entered a labyrinth
 14630 | Lab      | Noticed a minotaur
 14647 | Lab      | Killed a minotaur
 14651 | Lab      | Identified the Grimoire of Blistering Shape Shifting
 14656 | Lab      | Reached skill level 10 in Invocations
 14656 | Lab      | Reached XP level 13. HP: 60/148 MP: 16/20
 14980 | Lair:4   | Reached skill level 15 in Fighting
 15164 | Lair:4   | Reached XP level 14. HP: 159/159 MP: 21/21
 15575 | Lair:4   | Found a staircase to the Swamp.
 16921 | Lair:5   | Reached skill level 16 in Fighting
 17237 | Lair:5   | Noticed an entropy weaver
 17243 | Lair:5   | Killed an entropy weaver
 17446 | Lair:5   | Found a staircase to the Slime Pits.
 17447 | Lair:5   | Found a viscous altar of Jiyva.
 17497 | Lair:5   | Noticed an entropy weaver
 17504 | Lair:5   | Killed an entropy weaver
 17650 | Lair:5   | Reached skill level 15 in Maces & Flails
 17867 | Lair:6   | Entered Level 6 of the Lair of Beasts
 18030 | Lair:6   | Noticed junkhipster's ghost (journeyman GrFi)
 18061 | Lair:6   | Noticed Kirke
 18213 | Lair:6   | HP: 7/162 [junkhipster's ghost (36)]
 18214 | Lair:6   | HP: 3/243 [water moccasin (4)]
 18216 | Lair:6   | Killed Kirke
 18216 | Lair:6   | Annihilated by junkhipster's ghost

Vault maps used:
D:1:      nicolae_arrival_somewhat_less_tricky_arrival, minmay_pentomino_r4
D:2:      chequers_temple_overflow_minitemple, guppyfry_early_orc_mine
D:4:      chequers_ossuary_entry_cave, tso_altar
D:5:      nemelex_xobeh_ov_fountains_minmay, minmay_temple_entry_fiery,
          portal_sewer_entry_b, first_ration, st_stairs_13
D:6:      basic_altar, kennysheep_small_circle, uniq_eustachio
D:7:      grunt_livestock
D:8:      lair_entry_dummy, kennysheep_decorative_pillar, tgw_xom
D:9:      orc_0_dummy, enter_bailey_3
D:10:     nrook_guardian_serpent_snake_passage
Lair:2:   spider_nest_entry_rubble
Lair:4:   nicolae_swamp_entry_splash_gauntlet, lab_entry_generic, st_stairs_13,
          gammafunk_lair_bear_cave
Lair:5:   statuecave_lemuel, slime_altar_1, st_stairs_12,
          grunt_forest_stairs_basic, zaba_antful_of_joy, lemuel_fruit_tree
Lair:6:   evil_forest, grunt_megastairs_4, uniq_kirke
Lab:      labyrinth_mini_lab, nicolae_lab_arrow, nicolae_lab_starburst,
          labyrinth_glass_1
Sewer:    sewer_frog_island_01
Ossuary:  ossuary_tomb_2
Bailey:   bailey_axe_2, bailey

Skill      XL: |  1  2  3  4  5  6  7  8  9 10 11 12 13 14 |
---------------+-------------------------------------------+-----
Maces & Flails | 3 4 5 6 7 8 10 12 13 15 | 15.5
Fighting       | 5 6 7 8 9 12 14 15 16 | 16.0
Invocations    | 2 5 6 10 | 10.2
Dodging        | 3 5 6 |  6.0
Armour         | 1 3 4 |  4.0
Stealth        | |  1.4

Action                   |  1- 3 |  4- 6 |  7- 9 | 10-12 | 13-15 || total
-------------------------+-------+-------+-------+-------+-------++-------
Melee: Mace              |   144 |    36 |       |       |       ||   180
       Morningstar       |       |   197 |   235 |   488 |   308 ||  1228
       Unarmed           |       |    10 |       |       |       ||    10
Invok: Cleansing Flame   |       |       |       |     1 |     9 ||    10
       Summon Divine War |       |       |       |       |     1 ||     1
Evoke: Wand              |       |       |       |     9 |       ||     9
  Use: Scroll            |     4 |     5 |     9 |    17 |       ||    35
       Potion            |     1 |     1 |     1 |    14 |     1 ||    18
 Stab: Sleeping          |     1 |     2 |       |       |       ||     3
  Eat: Chunk             |     1 |     6 |    14 |    17 |     7 ||    45
       Ration            |       |     1 |       |     2 |     1 ||     4
Armor: Robe              |    47 |    56 |    30 |    54 |    44 ||   231
       Skin              |       |    15 |    12 |     6 |     7 ||    40
Dodge: Dodged            |    73 |   108 |   162 |   368 |   308 ||  1019

Table legend:
 A = Spawn XP
 B = Non-spawn XP
 C = Spawn XP percentage of total XP
 D = Spawn monster count
 E = Non-spawn monster count
 F = Spawn count percentage of total count
 G = Total turns spent on level
                    A         B        C        D         E        F      G
               +---------+---------+-------+---------+---------+-------+---------
         Total |       0 |   56215 |   0.0 |       0 |     504 |   0.0 | 18216
               +---------+---------+-------+---------+---------+-------+---------
           D:1 |       0 |      47 |   0.0 |       0 |      27 |   0.0 |   903
           D:2 |       0 |     107 |   0.0 |       0 |      28 |   0.0 |  1229
           D:3 |       0 |      97 |   0.0 |       0 |      14 |   0.0 |   604
           D:4 |       0 |     514 |   0.0 |       0 |      18 |   0.0 |  1099
           D:5 |       0 |     389 |   0.0 |       0 |      17 |   0.0 |   861
           D:6 |       0 |    1048 |   0.0 |       0 |      27 |   0.0 |   950
           D:7 |       0 |    2161 |   0.0 |       0 |      30 |   0.0 |  1031
           D:8 |       0 |    2603 |   0.0 |       0 |      33 |   0.0 |   839
           D:9 |       0 |    1665 |   0.0 |       0 |      34 |   0.0 |   876
          D:10 |       0 |    3560 |   0.0 |       0 |      20 |   0.0 |   879
        Lair:1 |       0 |    5128 |   0.0 |       0 |      23 |   0.0 |  1219
        Lair:2 |       0 |    4014 |   0.0 |       0 |      13 |   0.0 |  1082
        Lair:3 |       0 |    4611 |   0.0 |       0 |      17 |   0.0 |   637
        Lair:4 |       0 |    9621 |   0.0 |       0 |      40 |   0.0 |  1592
        Lair:5 |       0 |   13601 |   0.0 |       0 |      63 |   0.0 |  1867
        Lair:6 |       0 |    4668 |   0.0 |       0 |      13 |   0.0 |    61
           Lab |       0 |    1572 |   0.0 |       0 |       3 |   0.0 |   691
         Sewer |       0 |     165 |   0.0 |       0 |      20 |   0.0 |   570
       Ossuary |       0 |     294 |   0.0 |       0 |      30 |   0.0 |   890
        Bailey |       0 |     350 |   0.0 |       0 |      34 |   0.0 |   336
               +---------+---------+-------+---------+---------+-------+---------
